 Dungeon Crawl Stone Soup version 0.28.0-43-g3370ac3207 (webtiles) character file.

Game seed: 6686189727373806198

88 diana the Vexing (level 4, 18/18 HPs)
             Began as a Felid Enchanter on Mar 27, 2022.
             Quit the game on level 4 of the Dungeon.
             The game lasted 00:08:33 (5557 turns).

diana the Vexing (Felid Enchanter)                  Turns: 5557, Time: 00:08:33

Health: 18/18      AC:  1    Str:  4    XL:     4   Next: 29%
Magic:  8/8        EV: 19    Int: 18    God:
Gold:   159        SH:  0    Dex: 17    Spells: 2/7 levels left
                                        Lives:  0   Deaths: 1

rFire   . . .      SeeInvis +     - Unarmed
rCold   . . .      Faith    .   (shield unavailable)
rNeg    . . .      Spirit   .   (armour unavailable)
rPois   .          Reflect  .   (helmet unavailable)
rElec   .          Harm     .   (cloak unavailable)
rCorr   .          Rampage  .   (gloves unavailable)
Will    .....                   (boots unavailable)
Stlth   +++.......              (no amulet)
HPRegen 0.06/turn               (no ring)
MPRegen 0.11/turn               (no ring)

@: quick
A: very small, claws 1, fangs 3, see invisible, speed 1, shaggy fur 1, stealthy
paws, no weapons or thrown items, no armour, multi-lived
a: no special abilities


You were on level 4 of the Dungeon.
You visited 1 branch of the dungeon, and saw 4 of its levels.

You collected 159 gold pieces.

Inventory:

Scrolls
 b - 2 scrolls of fear {unknown}
 d - 3 scrolls of identify {unknown}
 f - 2 scrolls of magic mapping {unknown}
 i - 2 scrolls of summoning {unknown}
 j - a scroll of noise {unknown}
 k - 3 scrolls of holy word {unknown}
 m - a scroll of teleportation {unknown}
 p - a scroll of enchant weapon {unknown}
 q - a scroll of amnesia {unknown}
 r - a scroll of torment {unknown}
Potions
 a - a potion of invisibility
 c - a potion of cancellation {unknown}
 e - a potion of degeneration {unknown}
 g - a potion of magic {unknown}
 h - a potion of haste {unknown}
 l - a potion of curing {unknown}
 n - a potion of heal wounds {unknown}
 o - 2 potions of brilliance {unknown}


   Skills:
 - Level 4.2 Dodging
 + Level 4.3 Stealth
 * Level 3.0 Unarmed Combat
 - Level 2.0 Spellcasting
 + Level 6.4 Hexes


You had 2 spell levels left.
You knew the following spells:

 Your Spells              Type           Power      Damage    Failure   Level
a - Ensorcelled Hibernat  Hex/Ice        26%        N/A       8%          2
b - Confusing Touch       Hex            24%        N/A       3%          3

Your spell library contained the following spells:

 Spells                   Type           Power      Damage    Failure   Level
 Tukima's Dance           Hex            24%        N/A       3%          3
 Cause Fear               Hex            12%        N/A       13%         4
 Dazzling Flash           Conj/Hex       26%        N/A       14%         3
 Inner Flame              Hex/Fire       13%        N/A       14%         3
 Ozocubu's Armour         Ice            1%         N/A       47%         3
 Ozocubu's Refrigeration  Ice            0%         4d5       100%        7
 Discord                  Hex            12%        N/A       100%        8


Dungeon Overview and Level Annotations

Branches:
Dungeon (4/15)
 Temple: D:4-7

Altars:


Innate Abilities, Weirdness & Mutations

You have sharp claws.
You have razor-sharp teeth.
You have supernaturally acute eyesight. (SInv)
You cover ground quickly. (Speed+)
You are covered in fur. (AC +1)
Your paws help you pounce on unaware monsters.
You are incapable of wielding weapons or throwing items.
You cannot wear armour.
You gain extra lives every three experience levels.


Message History

Casting: Ensorcelled Hibernation (safe; 8% risk of failure)
Confirm with . or Enter, or press ? or * to list all spells.
Aiming: Ensorcelled Hibernation (safe; 8% risk of failure)
Press: ? - help, Shift-Dir - straight line, f/p - scorpion
Aim: a scorpion (chance to affect: 47%)
The scorpion looks drowsy...
The helpless scorpion fails to defend itself.
You claw the scorpion! Your bite misses the scorpion.
The scorpion is almost dead.
The scorpion closely misses you. x2
You scratch the scorpion but do no damage.
The scorpion is almost dead.
The scorpion stings you.
You scratch the scorpion.
You bite the scorpion, but do no damage.
The scorpion is almost dead.
The scorpion stings you.
You are lethally poisoned!
The scorpion poisons you!
You scratch the scorpion but do no damage.
You bite the scorpion, but do no damage.
The scorpion is almost dead.
* * * LOW HITPOINT WARNING * * *
You feel very sick. The scorpion completely misses you.
You scratch the scorpion but do no damage.
Your bite misses the scorpion.
The scorpion is almost dead.
* * * LOW HITPOINT WARNING * * *
You feel sick. The scorpion closely misses you.
You scratch the scorpion but do no damage.
You bite the scorpion, but do no damage.
The scorpion is almost dead.
You hear the slow rusting of a very distant drain.
* * * LOW HITPOINT WARNING * * *
You feel sick. The scorpion stings you.
You die...
You are now level 4!
You rejoin the land of the living...
Are you sure you want to abandon this character and quit the game? (Confirm with "yes".)

#....## #......#### ###....##
#..........
##...(...###..........
#........##...........
#........<............
#....#................
##...#.............#..
#................##..
##..@.##.........##.#
###.......>..##.....#.#
###.#...#.#.............#
#...#...###.......##....#
#............##..#####.##
#.....##...#.##.## #..[.
#......###.#..#.######...
.######......#...##......#..<
.....##s.#...#............)..


There were no monsters in sight!

Vanquished Creatures
  A howler monkey (D:3)
  A gnoll (D:1)
  3 adders
  3 worms
  3 dart slugs
  2 orcs (D:3)
  7 endoplasms
  6 giant cockroaches
  9 hobgoblins
  2 jackals (D:1)
  4 kobolds
  6 quokkas
  10 ball pythons
  3 bats
  5 frilled lizards
  7 goblins
  9 rats
81 creatures vanquished.

Notes
Turn   | Place    | Note
-------+----------+-------------------------------------------
     0 | D:1      | diana the Felid Enchanter began the quest for the Orb.
     0 | D:1      | Reached XP level 1. HP: 7/7 MP: 4/4
     0 | D:1      | Noticed an iron dragon
     1 | D:1      | Noticed an ice dragon
     5 | D:1      | Noticed a shadow dragon
     7 | D:1      | Noticed a large abomination
    13 | D:1      | Noticed a large abomination
    13 | D:1      | Noticed an iron dragon
    15 | D:1      | Noticed an ice dragon
    17 | D:1      | Noticed an iron dragon
    17 | D:1      | Noticed a tentacled monstrosity
    19 | D:1      | Noticed an ice dragon
    19 | D:1      | Noticed a tentacled monstrosity
    21 | D:1      | Noticed a tentacled monstrosity
   330 | D:1      | Found a faded altar of an unknown god.
  1145 | D:1      | Reached XP level 2. HP: 11/11 MP: 6/6
  1406 | D:1      | Learned a level 2 spell: Ensorcelled Hibernation
  1761 | D:1      | Reached skill level 5 in Hexes
  2195 | D:1      | Reached XP level 3. HP: 14/14 MP: 0/7
  2944 | D:1      | Learned a level 3 spell: Confusing Touch
  3483 | D:2      | Reached XP level 4. HP: 11/18 MP: 8/8
  4336 | D:3      | Reached skill level 6 in Hexes
  4474 | D:3      | Reached XP level 5. HP: 18/21 MP: 4/9
  5556 | D:4      | HP: 1/21 [poisoned by a scorpion]
  5556 | D:4      | Slain by a scorpion
  5557 | D:4      | Reached XP level 4. HP: -5/18 MP: 1/8
  5557 | D:4      | Quit the game

Illustrated notes

Levels and vault maps discovered:
D:1:      shiori_arrival_whats_in_store_for_you, layout_loops_corners,
          hellmonk_ecumenical_altar_lost_god, minmay_vboxes
D:2:      layout_loops_ring
D:3:      minmay_razor_zed, layout_loops_corners
D:4:      layout_cave_pools, amcnicky_altar_gilded, nicolae_uskayaw_suspiria,
          lightli_sewer_entry_pipes, nzn_random_ring

Skill      XL: |  1  2  3  4  5 |
---------------+----------------+-----
Dodging        | 3 4 |  4.2
Hexes          | 5 6 |  6.4
Unarmed Combat | 2 3 |  3.0
Stealth        | |  4.3
Spellcasting   | |  2.0

Action                   |  1- 3 |  4- 6 || total
-------------------------+-------+-------++-------
Melee: Unarmed           |   131 |    90 ||   221
       Bite              |    18 |     8 ||    26
       Punch             |     5 |     3 ||     8
 Cast: Ensorcelled Hiber |    18 |    12 ||    30
       Confusing Touch   |     1 |     2 ||     3
 Stab: Sleeping          |    18 |    13 ||    31
       Confused          |       |     3 ||     3
       Distracted        |       |     1 ||     1
Armor: Skin              |     7 |     3 ||    10
Dodge: Dodged            |   109 |    61 ||   170
